[Event "17th Memorial Lezcano Montalvo 2025"]
[Site "Gran Canaria"]
[Date "2025.04.15"]
[Round "4.44"]
[White "Cruz Pino, Adrian"]
[Black "Hernandez De Armas, Leonardo"]
[Result "1-0"]
[Annotator "NA RC"]
[ECO "E90"]
[WhiteElo "2099"]
[BlackElo "1645"]
[PlyCount "77"]
[EventDate "2025.04.13"]
[EventType "swiss"]
[EventCountry "ESP"]
[SourceTitle "playchess.com"]
[Source "ChessBase"]
[SourceQuality "1"]
[TimeControl "5400+30"]

1. c4 Nf6 2. Nc3 g6 3. e4 d6 4. d4 Bg7 5. Nf3 O-O 6. h3 e5 7. dxe5 dxe5 8. Qxd8 Rxd8 9. Bg5 Nc6 10. Nd5 Rd6 11. Bxf6 Bxf6 12. c5 Rxd5 13. exd5 e4 14. dxc6 exf3 15. O-O-O Bf5 16. Bd3 fxg2 17. Rhg1 Bxh3 18. cxb7 Rb8 19. Be4 Bh4 20. Bxg2 Bxf2 21. Bxh3 Bxg1 22. Rxg1 Rxb7 23. Bf1 Rb4 24. b3 Re4 25. Kd2 Re5 26. b4 Rf5 27. Bc4 Rf4 28. Kd3 Kg7 29. a4 h5 30. b5 h4 31. a5 h3 32. b6 h2 33. Rh1 cxb6 34. cxb6 axb6 35. a6 Rf3+ 36. Kd4 Ra3 37. Rxh2 Ra1 38. Ra2 Rd1+ 39. Bd3 1-0

[Event "17th Memorial Lezcano Montalvo 2025"]
[Site "Gran Canaria"]
[Date "2025.04.15"]
[Round "4.45"]
[White "Schmitz, Andreas Arnold"]
[Black "Cattani, Cloe"]
[Result "1-0"]
[Annotator "RC"]
[ECO "C07"]
[WhiteElo "1967"]
[BlackElo "1614"]
[PlyCount "97"]
[EventDate "2025.04.13"]
[EventType "swiss"]
[EventCountry "ESP"]
[SourceTitle "playchess.com"]
[Source "ChessBase"]
[SourceQuality "1"]
[TimeControl "5400+30"]

1. e4 e6 2. d4 d5 3. Nc3 dxe4 4. Nxe4 Nd7 5. Nf3 Ngf6 6. Bd3 Nxe4 7. Bxe4 Nf6 8. Bd3 c5 9. O-O cxd4 10. Bb5+ Bd7 11. Bxd7+ Qxd7 12. Qxd4 Qxd4 13. Nxd4 Bc5 14. Nb5 Ke7 15. c4 a6 16. Nc3 Rac8 17. b3 Bd4 18. Ba3+ Ke8 19. Rac1 g5 20. Rfd1 Ba7 21. Rd2 Rd8 22. Rcd1 Rxd2 23. Rxd2 h5 24. Bd6 Rg8 25. c5 Nd7 26. b4 f5 27. g3 h4 28. Kg2 Kf7 29. Kf3 hxg3 30. hxg3 Nf6 31. Be5 Ke7 32. Bxf6+ Kxf6 33. Rd7 Rg7 34. Rd8 b6 35. cxb6 Bxb6 36. Rd6 Bc7 37. Rxa6 g4+ 38. Kg2 f4 39. gxf4 Bxf4 40. Nd5+ Ke5 41. Nxf4 Kxf4 42. Rxe6 Ra7 43. Re2 Ra4 44. Rb2 Ke4 45. b5 Kd5 46. b6 Ra8 47. Kg3 Kc6 48. b7 Rb8 49. a4 1-0

[Event "17th Memorial Lezcano Montalvo 2025"]
[Site "Gran Canaria"]
[Date "2025.04.15"]
[Round "4.46"]
[White "Lascar, Radoslawa"]
[Black "De Gabriel Stella, Alejandro"]
[Result "1-0"]
[Annotator "NA RC"]
[ECO "C54"]
[WhiteElo "1897"]
[BlackElo "1606"]
[PlyCount "45"]
[EventDate "2025.04.13"]
[EventType "swiss"]
[EventCountry "ESP"]
[SourceTitle "playchess.com"]
[Source "ChessBase"]
[SourceQuality "1"]
[TimeControl "5400+30"]

1. e4 e5 2. Nf3 Nc6 3. Bc4 Bc5 4. c3 Nf6 5. d3 d6 6. Bb3 h6 7. Nbd2 O-O 8. Nf1 d5 9. Qe2 a5 10. Ba4 Bg4 11. Ng3 Rb8 12. Bxc6 bxc6 13. h3 Bc8 14. Nxe5 Qd6 15. d4 dxe4 16. Nc4 Qd5 17. dxc5 Ba6 18. Ne3 Qd3 19. Qxd3 exd3 20. c4 Nd7 21. b3 Nxc5 22. Ba3 d2+ 23. Ke2 1-0

[Event "17th Memorial Lezcano Montalvo 2025"]
[Site "Gran Canaria"]
[Date "2025.04.15"]
[Round "4.47"]
[White "Bujdoso, Erik"]
[Black "Posso Cangrejo, Sergio David"]
[Result "0-1"]
[Annotator "NA RC"]
[ECO "A30"]
[WhiteElo "1637"]
[BlackElo "1878"]
[PlyCount "102"]
[EventDate "2025.04.13"]
[EventType "swiss"]
[EventCountry "ESP"]
[SourceTitle "playchess.com"]
[Source "ChessBase"]
[SourceQuality "1"]
[TimeControl "5400+30"]

1. Nf3 Nf6 2. c4 e6 3. e3 c5 4. b3 Be7 5. Be2 O-O 6. O-O b6 7. Bb2 Bb7 8. d4 cxd4 9. exd4 d5 10. Nbd2 Nbd7 11. Rc1 Rc8 12. Re1 Rc7 13. Rc2 Qa8 14. Qb1 Rfc8 15. Bd3 a5 16. Ne5 Bb4 17. f3 dxc4 18. Nxd7 Nxd7 19. bxc4 Ba6 20. a3 Bxd2 21. Rxd2 Nf8 22. d5 Bxc4 23. dxe6 Bxe6 24. Be5 Rd7 25. Be4 Qa7 26. Rxd7 Bxd7 27. Bd4 Rb8 28. Be5 b5+ 29. Bd4 Qxd4+ 30. Kh1 Be6 31. Rd1 Qb6 32. Rd2 b4 33. Rb2 b3 34. a4 Qd4 35. Bc6 Bd7 36. Bxd7 Nxd7 37. h3 Qxa4 38. Rd2 Nf6 39. Qd1 h6 40. Rd4 Qxd4 41. Qxd4 b2 42. Kh2 b1=Q 43. Qd6 Qb6 44. Qg3 a4 45. h4 a3 46. Qh3 Qd6+ 47. g3 Rb2+ 48. Qg2 Rxg2+ 49. Kxg2 a2 50. f4 a1=Q 51. Kh3 Qh1# 0-1

[Event "17th Memorial Lezcano Montalvo 2025"]
[Site "Gran Canaria"]
[Date "2025.04.15"]
[Round "4.48"]
[White "Vargas Tinoco, Celso Alejandro"]
[Black "Quintero Hernandez, Marcos Jesus"]
[Result "0-1"]
[Annotator "NA RC"]
[ECO "D30"]
[WhiteElo "1588"]
[BlackElo "1874"]
[PlyCount "108"]
[EventDate "2025.04.13"]
[EventType "swiss"]
[EventCountry "ESP"]
[SourceTitle "playchess.com"]
[Source "ChessBase"]
[SourceQuality "1"]
[TimeControl "5400+30"]

1. d4 d5 2. c4 e6 3. e3 Nf6 4. Nf3 Be7 5. Be2 dxc4 6. Bxc4 a6 7. O-O b5 8. Bb3 Bb7 9. Bd2 O-O 10. a3 Nbd7 11. Ba5 Bd6 12. Qc2 Rc8 13. Nbd2 Qe7 14. Rfe1 c5 15. dxc5 Nxc5 16. Bc3 Nfe4 17. Ba2 Nxc3 18. bxc3 Na4 19. c4 Rfd8 20. Bb3 Nb6 21. a4 bxc4 22. Bxc4 Bxf3 23. Nxf3 Nxc4 24. Qe2 a5 25. Red1 Ne5 26. Nd4 Bb4 27. f4 Ng6 28. g3 e5 29. Nf5 Qf6 30. Qg4 h5 31. Qxh5 exf4 32. exf4 Bc5+ 33. Kg2 Rxd1 34. Rxd1 Qc6+ 35. Kh3 Qe6 36. Qg5 Be7 37. Qg4 Re8 38. Nxe7+ Qxe7 39. f5 Ne5 40. Qe4 Qf6 41. Rd5 Qh6+ 42. Kg2 f6 43. Rd4 Qh5 44. Qd5+ Qf7 45. Qxf7+ Nxf7 46. Rd5 Re5 47. Rxe5 Nxe5 48. Kf2 Kh7 49. Ke3 Kh6 50. h3 Nc4+ 51. Kd4 Nb2 52. Kc5 Nxa4+ 53. Kb5 Nc3+ 54. Kxa5 Kg5 0-1

[Event "17th Memorial Lezcano Montalvo 2025"]
[Site "Gran Canaria"]
[Date "2025.04.15"]
[Round "4.49"]
[White "Almeida Cubas, Mirella"]
[Black "Vallejo Aleman, Ricardo Manuel"]
[Result "1-0"]
[Annotator "NA RC"]
[ECO "C45"]
[WhiteElo "1824"]
[BlackElo "1554"]
[PlyCount "39"]
[EventDate "2025.04.13"]
[EventType "swiss"]
[EventCountry "ESP"]
[SourceTitle "playchess.com"]
[Source "ChessBase"]
[SourceQuality "1"]
[TimeControl "5400+30"]

1. e4 e5 2. Nf3 Nc6 3. d4 exd4 4. Nxd4 Bc5 5. Nb3 Bb6 6. Qe2 Qe7 7. Nc3 a5 8. Nd5 Qe5 9. f4 Qd6 10. a4 Ba7 11. g3 b6 12. Bg2 Bb7 13. e5 Qg6 14. Be4 f5 15. exf6 Qh6 16. f5 g5 17. fxg6 Qf8 18. g7 Qd6 19. Bg6+ Kd8 20. Qe8# 1-0

[Event "17th Memorial Lezcano Montalvo 2025"]
[Site "Gran Canaria"]
[Date "2025.04.15"]
[Round "4.50"]
[White "Sanchez Montesdeoca, Isaac"]
[Black "Monteiro Rodrigues, Carlos"]
[Result "1-0"]
[Annotator "NA RC"]
[ECO "C24"]
[WhiteElo "1807"]
[BlackElo "1549"]
[PlyCount "35"]
[EventDate "2025.04.13"]
[EventType "swiss"]
[EventCountry "ESP"]
[SourceTitle "playchess.com"]
[Source "ChessBase"]
[SourceQuality "1"]
[TimeControl "5400+30"]

1. e4 e5 2. Bc4 Nf6 3. d4 Nc6 4. d5 Na5 5. Bd3 b6 6. Ne2 c6 7. O-O cxd5 8. exd5 Nb7 9. Nbc3 Nc5 10. Re1 Nxd3 11. Qxd3 Bb7 12. Bg5 Bc5 13. Ng3 O-O 14. Nce4 h6 15. Nxf6+ gxf6 16. Bxh6 Kh8 17. Nf5 Rg8 18. Qh3 1-0

[Event "17th Memorial Lezcano Montalvo 2025"]
[Site "Gran Canaria"]
[Date "2025.04.15"]
[Round "4.51"]
[White "Juan Miguel, Javier"]
[Black "Gavilan Ledezma, Kevin"]
[Result "1-0"]
[Annotator "NA RC"]
[ECO "A40"]
[WhiteElo "1803"]
[BlackElo "1548"]
[PlyCount "111"]
[EventDate "2025.04.13"]
[EventType "swiss"]
[EventCountry "ESP"]
[SourceTitle "playchess.com"]
[Source "ChessBase"]
[SourceQuality "1"]
[TimeControl "5400+30"]

1. d4 g6 2. Nf3 Bg7 3. e3 e6 4. Bd3 Nf6 5. b3 b6 6. Bb2 Bb7 7. Nbd2 d5 8. c4 Nbd7 9. Rc1 c6 10. Ne5 Nxe5 11. dxe5 Nd7 12. f4 Qh4+ 13. g3 Qe7 14. e4 Nc5 15. Bb1 Rd8 16. Qe2 dxc4 17. Nxc4 Ba6 18. Ba3 Bxc4 19. Bxc5 Qxc5 20. Rxc4 Qa5+ 21. b4 Qa4 22. Qc2 Qxc2 23. Bxc2 Bf8 24. a3 c5 25. Ba4+ Ke7 26. bxc5 bxc5 27. Rxc5 Rd3 28. O-O Kd8 29. Rc4 Bxa3 30. Rb1 Ke7 31. Rb7+ Kf8 32. Rcc7 Kg7 33. Rxf7+ Kh6 34. f5 exf5 35. exf5 Bc5+ 36. Kg2 Rd2+ 37. Kh3 Bg1 38. e6 Rxh2+ 39. Kg4 gxf5+ 40. Rxf5 Rg8+ 41. Kf4 Rf2+ 42. Ke5 Re2+ 43. Kd6 Rd2+ 44. Rd5 Rd8+ 45. Bd7 Re2 46. e7 Rg8 47. Re5 Rg6+ 48. Re6 Rgxe6+ 49. Bxe6 Bc5+ 50. Kxc5 Rxe6 51. Kd5 Re1 52. Kd6 Kg6 53. Kd7 Kf7 54. Kd8 Rd1+ 55. Rd7 Rxd7+ 56. Kxd7 1-0

[Event "17th Memorial Lezcano Montalvo 2025"]
[Site "Gran Canaria"]
[Date "2025.04.15"]
[Round "4.52"]
[White "Reinoso Andre, Lazaro Javier"]
[Black "Leandro Tejera, Damian"]
[Result "1-0"]
[Annotator "NA RC"]
[ECO "A84"]
[WhiteElo "1796"]
[BlackElo "1546"]
[PlyCount "79"]
[EventDate "2025.04.13"]
[EventType "swiss"]
[EventCountry "ESP"]
[SourceTitle "playchess.com"]
[Source "ChessBase"]
[SourceQuality "1"]
[TimeControl "5400+30"]

1. d4 f5 2. Nf3 e6 3. e3 Nf6 4. Bd3 d5 5. c4 c6 6. O-O Bd6 7. c5 Bc7 8. b4 O-O 9. Qb3 b6 10. a4 bxc5 11. dxc5 e5 12. Bc2 h6 13. Bb2 Re8 14. Rd1 Qe7 15. Nh4 e4 16. Bd4 Ng4 17. g3 Nxh2 18. b5 Nf3+ 19. Nxf3 exf3 20. Nd2 Be6 21. Nxf3 Nd7 22. bxc6 Nxc5 23. Qc3 Ne4 24. Bxe4 fxe4 25. Ne5 Bxe5 26. Bxe5 Bg4 27. Rxd5 Bf3 28. Bf4 Rac8 29. Rd7 Qf6 30. Qxf6 gxf6 31. c7 Bg4 32. Rd5 Kf7 33. Ra5 Ra8 34. Rb1 Bc8 35. Rb8 Bg4 36. Rb7 a6 37. c8=Q+ Kf8 38. Qxg4 Red8 39. Qg7+ Ke8 40. Qe7# 1-0

[Event "17th Memorial Lezcano Montalvo 2025"]
[Site "Gran Canaria"]
[Date "2025.04.15"]
[Round "4.53"]
[White "Bernal Zelaya, Pedro Gabriel"]
[Black "Basualdo De Ornelas, Jorge"]
[Result "0-1"]
[Annotator "NA RC"]
[ECO "C54"]
[WhiteElo "1538"]
[BlackElo "1794"]
[PlyCount "47"]
[EventDate "2025.04.13"]
[EventType "swiss"]
[EventCountry "ESP"]
[SourceTitle "playchess.com"]
[Source "ChessBase"]
[SourceQuality "1"]
[TimeControl "5400+30"]

1. e4 e5 2. Nf3 Nc6 3. Bc4 Bc5 4. c3 Nf6 5. d3 d6 6. Nbd2 O-O 7. O-O a5 8. a4 Ba7 9. h3 Be6 10. Bxe6 fxe6 11. Qb3 Qd7 12. Nc4 h6 13. Re1 Nh5 14. Be3 Nf4 15. Bxa7 Rxa7 16. Rad1 Nxh3+ 17. gxh3 Rxf3 18. Kg2 Qf7 19. Rd2 Qh5 20. Re3 Qxh3+ 21. Kg1 Qg4+ 22. Kf1 Rf6 23. Rg3 Qxg3 24. Ke2 0-1

[Event "17th Memorial Lezcano Montalvo 2025"]
[Site "Gran Canaria"]
[Date "2025.04.15"]
[Round "4.54"]
[White "Sanchez Ramirez, Gustavo"]
[Black "Santana Slamova, Yassine"]
[Result "1-0"]
[Annotator "NA RC"]
[ECO "A20"]
[WhiteElo "1780"]
[BlackElo "1515"]
[PlyCount "84"]
[EventDate "2025.04.13"]
[EventType "swiss"]
[EventCountry "ESP"]
[SourceTitle "playchess.com"]
[Source "ChessBase"]
[SourceQuality "1"]
[TimeControl "5400+30"]

1. d3 Nf6 2. c4 e5 3. g3 Nc6 4. Bg2 Bb4+ 5. Bd2 Bxd2+ 6. Qxd2 d5 7. cxd5 Nxd5 8. Nc3 Be6 9. Nf3 Qd7 10. Ng5 Nde7 11. Nxe6 Qxe6 12. O-O h5 13. Rac1 h4 14. Nb5 O-O-O 15. b4 a6 16. Na3 hxg3 17. fxg3 Qg4 18. Rc4 Rd4 19. Rxf7 Qh5 20. Rxd4 Qxh2+ 21. Kf2 exd4 22. Qf4 Qh6 23. b5 axb5 24. Nxb5 Qxf4+ 25. Rxf4 Ng6 26. Rg4 Rf8+ 27. Ke1 Nb4 28. Rxg6 Nc2+ 29. Kd2 Ne3 30. Bf3 Nf1+ 31. Ke1 Ne3 32. Nxd4 Rd8 33. Ne6 Rd6 34. Kf2 Nd1+ 35. Kg1 Ra6 36. Rxg7 Ra4 37. a3 Rxa3 38. Rxc7+ Kb8 39. Rxb7+ Kc8 40. Rc7+ Kb8 41. g4 Ra6 42. Be4 Rd6 1-0

[Event "17th Memorial Lezcano Montalvo 2025"]
[Site "Gran Canaria"]
[Date "2025.04.15"]
[Round "4.55"]
[White "Martin Gonzalez, Lucas"]
[Black "Velasquez Vargas, Sebastian"]
[Result "0-1"]
[Annotator "NA RC"]
[ECO "C45"]
[WhiteElo "1547"]
[BlackElo "1777"]
[PlyCount "102"]
[EventDate "2025.04.13"]
[EventType "swiss"]
[EventCountry "ESP"]
[SourceTitle "playchess.com"]
[Source "ChessBase"]
[SourceQuality "1"]
[TimeControl "5400+30"]

1. e4 e5 2. Nf3 Nc6 3. d4 exd4 4. Nxd4 Nf6 5. Nxc6 bxc6 6. Bd3 d5 7. exd5 cxd5 8. O-O Be7 9. Bf4 O-O 10. Nd2 Bd6 11. Bxd6 Qxd6 12. h3 Re8 13. Qf3 c5 14. Rfe1 Be6 15. Bf5 Rab8 16. b3 Qd7 17. Bxe6 Rxe6 18. c4 d4 19. Ne4 Nxe4 20. Rxe4 Rxe4 21. Qxe4 Qe6 22. Re1 Re8 23. Qxe6 Rxe6 24. Rxe6 fxe6 25. Kf1 e5 26. f3 Kf7 27. Ke2 Kf6 28. Kd3 a5 29. a3 Kf5 30. g3 h5 31. h4 g6 32. g4+ hxg4 33. fxg4+ Kxg4 34. b4 cxb4 35. axb4 axb4 36. c5 Kf5 37. Kc4 e4 38. Kxd4 b3 39. Kc3 e3 40. Kxb3 e2 41. Kc4 e1=Q 42. Kd5 Qxh4 43. Kd6 Qd8+ 44. Kc6 Qc8+ 45. Kd6 g5 46. c6 g4 47. c7 g3 48. Kc6 g2 49. Kd6 g1=Q 50. Kc6 Qc1+ 51. Kd5 Qd7# 0-1

[Event "17th Memorial Lezcano Montalvo 2025"]
[Site "Gran Canaria"]
[Date "2025.04.15"]
[Round "4.56"]
[White "Rossello Padron, Carlos"]
[Black "Rodriguez Morales, Jimena"]
[Result "1-0"]
[Annotator "NA RC"]
[ECO "A02"]
[WhiteElo "1776"]
[BlackElo "1496"]
[PlyCount "59"]
[EventDate "2025.04.13"]
[EventType "swiss"]
[EventCountry "ESP"]
[SourceTitle "playchess.com"]
[Source "ChessBase"]
[SourceQuality "1"]
[TimeControl "5400+30"]

1. b3 g6 2. Bb2 Nf6 3. e4 d6 4. f4 Bg7 5. Nf3 O-O 6. d3 Nc6 7. Nbd2 a6 8. g3 Re8 9. Bg2 e5 10. fxe5 dxe5 11. O-O Bd7 12. a4 Nh5 13. Nc4 f6 14. Ne3 Be6 15. d4 exd4 16. Nxd4 Nxd4 17. Bxd4 Qc8 18. g4 c5 19. Bb2 Bh6 20. gxh5 Bxe3+ 21. Kh1 Bg4 22. Qe1 Bd4 23. Bxd4 cxd4 24. hxg6 hxg6 25. Rxf6 Kg7 26. Qf2 Qd7 27. Rf1 Re7 28. e5 Be6 29. Be4 Bd5 30. Rxg6+ 1-0